 Dungeon Crawl Stone Soup version 0.20-a0-993-gba41c3c (webtiles) character file.

35 Hook the Grasshopper (level 3, -3/30 HPs)
             Began as a Draconian Warper on Apr 11, 2017.
             Slain by Terence
             ... wielding a cursed -3 flail
              (6 damage)
             ... on level 2 of the Dungeon.
             The game lasted 00:03:46 (1189 turns).

Hook the Grasshopper (Draconian Warper)             Turns: 1189, Time: 00:03:46

Health: -3/30      AC:  7    Str: 14    XL:     3   Next: 17%
Magic:  6/6        EV: 12    Int: 13    God:
Gold:   82         SH:  0    Dex: 10    Spells: 4/6 levels left

rFire    . . .     SeeInvis .   a - +0 spear
rCold    . . .     Gourm    .   (no shield)
rNeg     . . .     Faith    .   (armour unavailable)
rPois    .         Spirit   .   (helmet restricted)
rElec    .         Reflect  .   (no cloak)
rCorr    .         Harm     .   h - +0 pair of gloves
MR       .....                  j - +0 pair of boots
Stlth    +.........             (no amulet)
Regen    0.1/turn               (no ring)
MPRegen  0.1/turn               (no ring)

@: no status effects
A: unfitting armour, cold-blooded, AC +5
a: no special abilities


You were on level 2 of the Dungeon.
You were not hungry.

You visited 1 branch of the dungeon, and saw 2 of its levels.

You collected 82 gold pieces.

Inventory:

Hand Weapons
 a - a +0 spear (weapon)
Missiles
 d - 3 tomahawks of dispersal (quivered)
Armour
 h - a +0 pair of gloves (worn)
 j - a +0 pair of boots (worn)
Scrolls
 c - a scroll of blinking
 e - 3 scrolls of identify {unknown}
 i - 2 scrolls of remove curse {unknown}
Potions
 l - a potion of heal wounds {unknown}
Books
 b - a book of Spatial Translocations

   Spells                             Type                      Level
   a - Blink                          Translocation                2
   b - Shroud of Golubria             Charms/Translocation         2
   c - Lesser Beckoning               Translocation                3
   d - Gell's Gravitas                Translocation                3
   e - Teleport Other                 Translocation                3
   f - Passage of Golubria            Translocation                4
Comestibles
 f - 2 bread rations
 g - a fruit
 k - 2 meat rations
 m - 2 royal jellies
 n - 4 chunks of flesh


   Skills:
 * Level 2.9 Fighting
 + Level 2.2 Polearms
 - Level 0.8 Throwing
 * Level 2.7 Dodging
 + Level 2.2 Spellcasting
 - Level 3.0 Translocations


You had 4 spell levels left.
You knew the following spells:

 Your Spells              Type           Power        Failure   Level  Hunger
a - Blink                 Tloc           N/A          12%         2    ###....


Dungeon Overview and Level Annotations

Branches:
Dungeon (2/15)

Altars:

Annotations:
D:2 Terence


Innate Abilities, Weirdness & Mutations

Your plain brown scales are hard. (AC +5)
You cannot fit into any form of body armour.
You are cold-blooded and may be slowed by cold attacks.


Message History

Terence barely misses you.
You barely miss Terence.
Terence is moderately wounded.
Terence closely misses you.
You barely miss Terence.
Terence is moderately wounded.
Terence closely misses you.
You hit Terence but do no damage.
Terence is moderately wounded.
You hit Terence but do no damage.
Terence is moderately wounded.
Terence hits you with an enchanted flail.
You barely miss Terence.
Terence is moderately wounded.
Terence hits you with an enchanted flail!
* * * LOW HITPOINT WARNING * * *
You hit Terence but do no damage.
Terence is moderately wounded.
Terence hits you with an enchanted flail.
You die...

#...# #<.. #...#
#...
####.#######
....
#.......##.##
.##.#
#.##.##.#.#.##
#. .# #
##.....###.# g
.#
..#.#...#.#.#.##
## ##
........#.##.##
#....@..#.#.##
####@###.###.###
#. #.## ##..# #.
##.###.#.# #.
##.#.#### ..
##.#### ..
#.....# ..
#.##### #.#


You could see Terence.

Vanquished Creatures
  2 giant cockroaches (D:1)
  4 goblins
  2 hobgoblins (D:1)
  8 jackals
  A ball python (D:1)
  5 bats (D:1)
  4 frilled lizards
  4 kobolds
30 creatures vanquished.

Notes
Turn   | Place    | Note
-------+----------+-------------------------------------------
     0 | D:1      | Hook the Draconian Warper began the quest for the Orb.
     0 | D:1      | Reached XP level 1. HP: 17/17 MP: 3/3
   173 | D:1      | Reached XP level 2. HP: 20/25 MP: 5/5
   187 | D:1      | Learned a level 2 spell: Blink
  1032 | D:2      | Reached XP level 3. HP: 30/30 MP: 6/6
  1165 | D:2      | Noticed Terence
  1189 | D:2      | Slain by Terence

Vault maps used:
D:1:      dpeg_arrival_rhombus
D:2:      marbit_many_paths, uniq_terence, uniq_crazy_yiuf_cottage

Action                   || total
-------------------------++-------
Melee: Spear             ||   152
       Tailslap          ||     8
Throw: Tomahawk          ||     2
 Cast: Blink             ||     1
  Eat: Fruit             ||     1
Armor: Skin              ||    51
Dodge: Dodged            ||    94
